Map: Ascension to Aiur LE

Players

Snute - Winner!

  • Race: Zerg Zerg
  • Spawn Location: 5:00

Arctur

  • Race: Terran Terran
  • Spawn Location: 11:00

Event: WCS Valencia 2017

VOD

Have the link to the VOD?

Description

Time

  • Played on: July 13, 2017, 6:28 a.m.
  • Length: 19:26

All games in this series

Show
View Real Time Build Order
Export as new Build Order

Snute Zerg - Winner!

Build Orders: Hatch First, Muta Ling Bane 

Get SALT Encoding   

  12  0:00  Drone  
  13  0:12  Overlord  
  13  0:16  Drone  
  14  0:30  Drone x2  
  14  0:34  Drone  
  17  0:52  Hatchery  
  17  0:54  Drone  
  17  0:57  Drone  
  17  1:00  Extractor  
  17  1:13  Spawning Pool  
  17  1:15  Drone  
  17  1:19  Drone  
  18  1:27  Drone  
  19  1:38  Overlord  
  19  1:49  Drone  
  20  1:59  Queen  
  20  2:00  Zergling x2  
  23  2:03  Queen  
  23  2:04  Metabolic Boost  
  23  2:07  Zergling x2  
  26  2:10  Drone  
  26  2:14  Drone  
  28  2:21  Drone  
  29  2:26  Drone  
  30  2:33  Drone  
  30  2:35  Queen  
  33  2:38  Drone  
  33  2:43  Overlord  
  34  2:47  Drone  
  35  2:53  Drone  
  36  3:00  Overlord  
  36  3:04  Zergling x2  
  37  3:08  Drone  
  37  3:09  Drone x3  
  37  3:11  Drone x3  
  44  3:20  Drone  
  44  3:21  Drone  
  46  3:28  Hatchery  
  46  3:31  Drone x2  
  46  3:35  Queen x2  
  50  3:47  Drone x2  
  51  3:50  Overlord  
  51  3:56  Overlord  
  51  4:09  Zergling x2  
  54  4:10  Zergling x10  
  54  4:11  Queen  
  54  4:14  Queen  
  54  4:15  Drone x2  
  54  4:16  Drone  
  64  4:22  Drone x3  
  67  4:28  Spore Crawler x2  
  65  4:34  Drone x2  
  65  4:36  Drone  
  68  4:40  Queen  
  68  4:42  Spore Crawler, Drone x2  
  68  4:43  Drone  
  68  4:45  Drone x2  
  74  4:50  Overlord  
  74  4:51  Evolution Chamber, Queen  
  74  4:52  Evolution Chamber  
  74  4:56  Baneling Nest  
  72  5:01  Overlord  
  72  5:04  Drone x3  
  72  5:05  Drone x2  
  74  5:07  Overlord  
  74  5:10  Drone x2  
  74  5:13  Drone  
  77  5:18  Drone  
  77  5:19  Drone  
  78  5:23  Zerg Ground Armor Level 1, Zerg Melee Weapons Level 1, Drone  
  78  5:24  Drone  
  78  5:25  Drone  
  78  5:28  Drone x3  
  84  5:29  Drone  
  84  5:31  Drone x2  
  84  5:35  Drone x3  
  87  5:38  Drone  
  87  5:40  Extractor  
  87  5:42  Drone  
  89  5:43  Drone  
  89  5:44  Extractor  
  89  5:45  Extractor x2  
  89  5:47  Extractor  
  89  5:49  Drone  
  87  5:55  Lair  
  87  5:58  Drone x5  
  87  6:02  Drone x4  
  94  6:07  Drone  
  94  6:09  Hatchery, Drone  
  95  6:17  Overlord  
  95  6:18  Zergling x2  
  96  6:20  Hatchery  
  95  6:27  Zergling x6  
  95  6:28  Spore Crawler, Zergling x2  
  95  6:29  Overlord  
  98  6:38  Spore Crawler  
  98  6:39  Drone x3  
  100  6:43  Overlord x2  
  100  6:55  Centrifical Hooks  
  100  6:57  Zergling x28  
  100  6:58  Spire  
  100  6:59  Overlord  
  113  7:02  Baneling  
  113  7:03  Baneling x6  
  113  7:04  Baneling  
  113  7:06  Zergling x4  
  113  7:38  Zerg Ground Armor Level 2, Hatchery, Zerg Melee Weapons Level 2  
  113  7:39  Zergling x6  
  113  7:40  Zergling x22  
  126  7:47  Zergling x8  
  126  7:49  Overseer, Pneumatized Carapace  
  130  7:58  Baneling x8  
  129  8:01  Zergling x2  
  129  8:02  Zergling x22  
  141  8:11  Mutalisk x2  
  143  8:15  Overseer  
  143  8:16  Zerg Flyer Weapons Level 1  
  143  8:17  Overlord x2  
  143  8:33  Overlord x2  
  143  8:36  Mutalisk x7  
  157  8:41  Mutalisk  
  157  8:45  Overlord x2  
  159  8:50  Drone  
  159  8:51  Drone x7  
  159  8:52  Overlord x2  
  159  8:54  Mutalisk  
  169  9:03  Infestation Pit  
  169  9:08  Baneling x3  
  169  9:09  Baneling x9  
  168  9:15  Zergling x2  
  168  9:16  Zergling x18  
  176  9:31  Baneling x8  
  163  9:40  Zergling x8  
  163  9:41  Zergling x30  
  181  9:47  Baneling  
  181  9:48  Baneling x16  
  176  9:58  Zergling x2  
  176  9:59  Zergling x18  
  171  10:04  Baneling  
  171  10:05  Baneling x9  
  153  10:17  Zergling x2  
  153  10:18  Zergling x26  
  143  10:22  Baneling x6  
  143  10:24  Zergling x4  
  143  10:25  Zergling x2  
  143  10:26  Zergling x2  
  143  10:27  Zergling x2  
  123  10:43  Mutalisk  
  123  10:44  Mutalisk x4  
  123  10:46  Zergling x16  
  137  10:55  Zergling x16  
  145  11:01  Zergling x4  
  137  11:12  Mutalisk x4  
  137  11:15  Zergling x10  
  137  11:16  Zergling x8  
  142  11:23  Hive  
  141  11:43  Hatchery  
  140  11:51  Hatchery  
  140  11:52  Mutalisk  
  140  11:53  Mutalisk x4  
  149  11:56  Overseer  
  149  12:10  Zergling x22  
  149  12:13  Baneling x14  
  160  12:20  Baneling  
  160  12:21  Baneling x4  
  160  12:38  Hatchery, Zergling x2, Ultralisk Cavern  
  160  12:39  Zergling x28  
  173  12:53  Baneling x13  
  173  12:55  Zergling x2  
  173  12:56  Zergling x10  
  179  13:12  Zergling x14  
  158  13:20  Zergling x2  
  158  13:21  Zergling x38  
  158  13:24  Chitinous Plating  
  158  13:25  Overlord  
  178  13:31  Baneling x9  
  174  13:44  Ultralisk x2  
  176  14:02  Ultralisk  
  164  14:04  Zergling x2  
  164  14:05  Zergling x30  
  167  14:14  Ultralisk  
  167  14:16  Zergling x12  
  177  14:17  Zergling x2  
  177  14:21  Zergling x8  
  172  14:33  Ultralisk  
  172  14:37  Ultralisk  
  184  14:42  Baneling x2  
  184  14:43  Baneling x7  
  184  14:46  Overseer  
  184  14:48  Drone x4  
  184  14:49  Drone  
  189  14:54  Burrow  
  187  15:05  Overlord x2  
  186  15:12  Zerg Ground Armor Level 3  
  185  15:19  Overlord x2  
  183  15:30  Extractor  
  183  15:31  Zerg Melee Weapons Level 3  
  183  15:34  Hatchery  
  181  15:39  Zergling x38  
  181  15:41  Adrenal Glands  
  200  15:48  Zergling x2  
  200  15:49  Zergling x2  
  200  15:58  Zerg Flyer Armor Level 1  
  200  16:00  Mutalisk  
  192  16:23  Ultralisk x2  
  191  16:54  Drone x5  
  196  17:04  Extractor  
  194  17:09  Baneling x20  
  194  17:10  Baneling x2  
  194  17:11  Zergling x10  
  199  17:16  Extractor  
  199  17:22  Overseer  
  192  17:50  Ultralisk x2  
  184  18:07  Corruptor x6  
  184  18:09  Ultralisk  
  184  18:11  Zergling x10  
  184  18:12  Zergling x38  
  189  18:18  Corruptor x2  
  193  18:21  Zergling x12  
  193  18:22  Zergling x4  
  190  18:35  Ultralisk  
  190  18:41  Zergling x24  
  186  18:49  Zergling x6  
  186  18:50  Zergling x22  
  197  18:59  Zergling x6  
  192  19:05  Extractor  
Show
View Real Time Build Order
Export as new Build Order

Arctur Terran 

Build Orders: Reaper Expand, Bio Mine, Banshee Rush 

Get SALT Encoding   

  12  0:02  SCV  
  13  0:14  SCV  
  13  0:19  Supply Depot  
  14  0:26  SCV  
  14  0:28  Refinery  
  15  0:41  SCV  
  16  0:45  Barracks  
  16  0:53  SCV  
  17  1:05  SCV  
  18  1:17  SCV  
  19  1:32  Orbital Command, Reaper  
  20  1:45  Command Center  
  20  1:55  Factory  
  20  1:59  SCV  
  21  2:04  Refinery  
  21  2:07  Barracks Reactor  
  21  2:11  SCV  
  22  2:17  Supply Depot  
  22  2:23  SCV  
  23  2:38  SCV  
  24  2:46  Starport  
  24  2:51  SCV  
  25  2:52  Hellion x2  
  25  2:57  Orbital Command  
  29  3:02  Barracks Tech Lab  
  29  3:03  SCV  
  30  3:15  Hellion  
  30  3:16  Hellion  
  30  3:19  SCV  
  34  3:27  SCV  
  34  3:29  Cloaking Field  
  34  3:31  SCV  
  36  3:34  Banshee  
  36  3:36  Barracks Tech Lab  
  36  3:39  SCV  
  40  3:42  Supply Depot  
  40  3:43  SCV  
  41  3:51  SCV  
  43  3:55  SCV  
  43  3:57  Stimpack  
  43  4:03  SCV  
  43  4:06  Command Center  
  44  4:10  SCV  
  45  4:17  Supply Depot  
  45  4:18  SCV  
  45  4:20  Banshee  
  45  4:22  SCV, Marine  
  51  4:30  SCV  
  52  4:34  SCV  
  52  4:36  Barracks x2  
  52  4:37  Factory Reactor  
  53  4:41  Supply Depot  
  53  4:42  SCV  
  53  4:44  Marine  
  55  4:47  SCV  
  56  4:53  Engineering Bay  
  56  4:54  SCV, Engineering Bay  
  56  4:59  SCV  
  58  5:07  Marine  
  58  5:09  SCV  
  58  5:11  SCV  
  58  5:14  Refinery x2  
  61  5:17  Starport Reactor  
  61  5:19  Orbital Command  
  61  5:21  SCV  
  62  5:24  Terran Infantry Armor Level 1, Terran Infantry Weapons Level 1  
  62  5:26  Marine x2  
  62  5:27  Marine  
  65  5:29  Factory Reactor  
  65  5:34  Marine x2  
  67  5:36  SCV x2  
  69  5:44  Marine x3  
  69  5:46  Orbital Command  
  69  5:47  Barracks  
  69  5:48  SCV, Barracks  
  73  5:50  SCV  
  73  5:56  Marine x2, Armory  
  76  5:58  Supply Depot  
  76  6:00  SCV  
  76  6:01  Medivac  
  76  6:03  Medivac  
  76  6:04  Marine  
  78  6:05  SCV  
  78  6:10  Marine x2  
  82  6:11  SCV  
  82  6:12  SCV  
  82  6:13  Combat Shields  
  82  6:15  Marine  
  85  6:19  Marine  
  85  6:20  SCV, Supply Depot  
  85  6:22  Marine  
  85  6:23  SCV  
  89  6:28  Marine  
  89  6:29  SCV  
  89  6:30  Supply Depot  
  89  6:31  Marine  
  89  6:32  Marine  
  92  6:34  Supply Depot  
  92  6:38  Barracks Reactor  
  93  6:40  Barracks Reactor  
  93  6:41  Marine  
  93  6:42  Medivac x2  
  93  6:44  SCV, Supply Depot  
  93  6:45  Supply Depot  
  99  6:48  SCV x2  
  99  6:53  Marine x2  
  103  6:55  Marine x2  
  103  6:57  SCV  
  103  7:00  SCV  
  107  7:02  Factory  
  107  7:03  SCV  
  107  7:04  Refinery  
  107  7:05  Marine  
  109  7:09  SCV  
  109  7:12  SCV  
  109  7:14  Marine x4  
  115  7:21  Medivac x2  
  114  7:27  Marine  
  114  7:28  Marine x4  
  114  7:29  Terran Infantry Armor Level 2, Terran Infantry Weapons Level 2  
  112  7:32  Marine x4  
  113  7:42  SCV  
  114  7:45  Marine x3, Supply Depot  
  114  7:46  Supply Depot x2  
  114  7:47  Drilling Claws  
  114  7:48  Widow Mine x2  
  114  7:50  Marine x3  
  124  7:53  Marine x2  
  124  7:56  Marine  
  127  8:03  Marine x2  
  127  8:04  Medivac x2  
  133  8:06  Widow Mine  
  133  8:11  Supply Depot  
  133  8:12  Supply Depot  
  135  8:14  Marine x4  
  139  8:20  Marine x3, Widow Mine x2  
  139  8:21  Marine  
  146  8:28  Marine  
  146  8:31  Marine  
  146  8:32  Marine x3  
  146  8:33  Supply Depot  
  151  8:34  Supply Depot  
  151  8:35  Thor  
  151  8:37  Marine  
  151  8:38  Marine x2, Medivac  
  151  8:39  Medivac  
  164  8:46  Marine x2  
  166  8:49  Marine x2  
  166  8:50  Widow Mine  
  166  8:51  Sensor Tower, Widow Mine  
  172  9:01  Marauder, Marine x2  
  172  9:02  Marine x2  
  177  9:04  Marine x2  
  177  9:06  Supply Depot  
  177  9:07  Marine x2  
  182  9:13  Medivac x2  
  186  9:19  Marine x2  
  186  9:20  Marine  
  189  9:28  Marine x2  
  189  9:29  Marine  
  189  9:30  Widow Mine x2  
  189  9:31  Command Center  
  188  9:39  Marine  
  188  9:40  Widow Mine  
  188  9:43  Medivac x2  
  188  9:45  Marine x2  
  195  9:50  Marine  
  195  9:59  Marine x6, Widow Mine  
  183  10:03  Marine x2  
  183  10:05  Barracks x2  
  183  10:06  Barracks  
  184  10:09  Thor  
  175  10:19  Marine x7, Widow Mine  
  175  10:21  Marine x2  
  159  10:26  Medivac  
  159  10:27  Widow Mine  
  148  10:37  Marine x3  
  148  10:41  Marine  
  133  10:47  Marine x5  
  133  10:48  Widow Mine  
  127  10:51  Widow Mine  
  127  10:54  Marine  
  127  10:55  Marine x3  
  127  10:56  Marine x2  
  137  10:59  Marine  
  128  11:04  Marine  
  128  11:05  Marine x4  
  119  11:12  Marine x3  
  119  11:13  Marine x3  
  119  11:17  Marine, Terran Infantry Armor Level 3  
  100  11:22  Marine  
  100  11:24  Terran Infantry Weapons Level 3  
  100  11:27  SCV  
  100  11:31  Planetary Fortress  
  101  11:37  Widow Mine x2  
  101  11:38  Barracks Tech Lab x3  
  106  11:40  SCV  
  106  11:42  SCV  
  106  11:43  SCV  
  108  11:52  SCV  
  108  11:54  SCV  
  110  11:55  Marine  
  110  12:01  Marine x10  
  112  12:02  Widow Mine  
  112  12:05  Widow Mine  
  127  12:14  Marine  
  128  12:15  Marine  
  128  12:19  Marine  
  128  12:20  Marauder x2  
  134  12:23  Medivac  
  135  12:30  Marauder, Marine x4  
  135  12:31  Thor  
  135  12:32  Marine  
  135  12:33  Marine  
  147  12:37  Terran Vehicle And Ship Armor Level 1  
  147  12:39  SCV x3  
  147  12:44  SCV  
  151  12:45  Marauder, Marine x2  
  151  12:47  Marine  
  151  12:48  Marine x3  
  159  12:55  Marauder  
  159  12:57  Marauder, Marine  
  164  13:02  Marine  
  164  13:03  Marine  
  164  13:05  Marine  
  166  13:07  Barracks Tech Lab  
  166  13:11  Medivac  
  161  13:18  Medivac  
  138  13:20  Widow Mine  
  138  13:21  Thor, Widow Mine  
  138  13:22  Marauder  
  150  13:31  Marauder, Marine x2  
  154  13:41  Medivac  
  154  13:44  Marine  
  154  13:45  Marine  
  158  13:48  Medivac  
  158  13:49  Widow Mine x2  
  158  13:52  Marine x5  
  158  13:53  Marine x2  
  160  14:02  Marine  
  140  14:03  Widow Mine  
  120  14:10  SCV  
  120  14:11  Medivac  
  120  14:16  Marine x2  
  120  14:17  Marine x3  
  121  14:18  Marine, Medivac  
  121  14:22  SCV  
  127  14:29  Marine x5  
  130  14:32  Thor  
  136  14:39  Missile Turret  
  136  14:40  Refinery  
  136  14:41  Widow Mine  
  136  14:42  Widow Mine  
  140  14:49  Marauder, Marine x7  
  149  14:55  Orbital Command  
  149  14:57  Liberator x2  
  149  14:59  Marine x3  
  152  15:06  Marine  
  152  15:07  Marine x6  
  153  15:10  Widow Mine  
  153  15:11  Marauder, Widow Mine  
  165  15:17  Marine  
  165  15:20  Refinery  
  165  15:21  SCV x2  
  172  15:22  SCV x2  
  172  15:25  Starport  
  176  15:32  Thor  
  178  15:37  Refinery  
  178  15:38  Refinery  
  178  15:39  Widow Mine  
  180  15:45  Factory  
  180  15:48  Marauder  
  180  15:49  Marauder x2, Marine  
  185  15:52  Liberator  
  185  15:56  Marauder  
  185  16:07  Liberator  
  185  16:08  Starport Reactor  
  185  16:10  Marauder  
  190  16:15  Thor  
  181  16:27  Marauder  
  181  16:30  Marauder, Marine x5, Barracks Tech Lab  
  187  16:35  Liberator  
  178  16:40  Liberator  
  178  16:41  Factory Tech Lab  
  176  16:50  SCV x2  
  176  16:51  SCV  
  176  16:52  SCV  
  183  16:55  Refinery x2  
  183  16:57  Command Center  
  183  16:58  Thor  
  192  17:06  Marauder x2, Marine x4  
  193  17:46  Marauder, SCV  
  193  17:47  Liberator x2  
  182  18:04  Marine  
  144  18:08  Marauder  
  144  18:12  Marine x4  
  139  18:15  Barracks  
  139  18:17  SCV x2  
  139  18:18  Barracks x3  
  130  18:29  Marauder  
  117  18:44  Marine x2  
  117  18:45  Marine x3  
  117  18:49  SCV  
  117  18:50  Marauder  
  116  18:58  SCV  
  116  18:59  Engineering Bay  
  116  19:01  SCV  
Tags
 
Add a new tag
Caveats
  • Supply blocks, unpowered buildings, or Contaminate may cause inaccurate times.
  • Supply counts are checked every 10 seconds.